Unix NetHack Version 3.7.0-66 Work-in-progress - last build Nov 25 2022 02:21:47 (a67c8fbd212c6e9cfe3af09653023564b5ba1bad,branch:master). Game began 2022-12-04 13:17:56, ended 2022-12-04 13:30:21. Buffalo, lawful male human Monk ----- ------- .|..-- | --.....| .....---- ..| |......------........ ...#- --.................) ....... --..................-- ...#. |...............G....... |..................... ----................. --...............@.- |...........----...| |...........| |...| -..........| --...--- -.......---.f....| |-<..............| |...............-- |........).....-- ----....#-.---.| --.------ -- --- Buffalo the Novice St:17 Dx:14 Co:12 In:9 Wi:17 Ch:7 Lawful S:510 Dlvl:5 $:38 HP:0(24) Pw:10(20) AC:2 Xp:3/63 T:1756 Latest messages: You have a little trouble lifting a pair of iron shoes. Continue? [ynq] (q) y You have a little trouble lifting W - a pair of iron shoes. You have a little trouble lifting X - a dwarvish cloak. You have a little trouble lifting Y - a pick-axe. Your movements are slowed slightly because of your load. What do you want to drop? [$a-jl-oqrv-zA-EG-Y or ?*] Never mind. You see here a key. The golden haze around you becomes less dense. You have a little trouble lifting Z - a key. What do you want to adjust? [a-jl-oqrv-zA-EG-Z or ?*] Z Adjust letter to what [kps-uFZ] (? see used letters)? k Moving: k - a key. You hear crashing rock. The kitten eats a gnome corpse. You climb up the stairs. What do you want to throw? [$oJT or ?*] o In what direction? y What do you want to throw? [$JT or ?*] J In what direction? y The golden haze around you becomes less dense. What do you want to drop? [$a-nqrv-zA-EG-IK-Y or ?*] Y You drop a pick-axe. Your movements are now unencumbered. You descend the stairs. You drop a pair of iron shoes. The kitten picks up a pair of iron shoes. The kitten drops a pair of iron shoes. You see here a pair of iron shoes. The golden haze around you disappears. W - a pair of iron shoes. What do you want to wear? [W or ?*] W You finish your dressing maneuver. The kitten picks up a dart. You hear crashing rock. What do you want to take off? [abELW or ?*] ? You were wearing a +0 large shield named !c. What do you want to wield? [- T or ?*] - You are already empty handed. You stop. Your kitten is in the way! The kitten drops a dart. The gnome lord plays a horn directed at you! The bolt of fire hits you! Your gloves smoulder! You die... Do you want your possessions identified? [ynq] (y) y Do you want to see your attributes? [ynq] (y) y Do you want an account of creatures vanquished? [ynaq] (y) n Do you want to see your conduct and achievements? [ynq] (y) n Do you want to see the dungeon overview? [ynq] (y) n Inventory: Coins $ - 38 gold pieces Weapons T - 10 +0 darts Armor E - an uncursed +0 orcish helm (being worn) a - an uncursed burnt +2 pair of leather gloves (being worn) W - an uncursed +0 pair of iron shoes (being worn) L - an uncursed +0 large shield named !c D - an uncursed +0 cloak of displacement named !c X - an uncursed +0 dwarvish cloak b - an uncursed +1 robe named pray112 (being worn) Comestibles h - 5 uncursed apples M - an uncursed clove of garlic l - an uncursed cram ration g - 2 uncursed food rations j - 2 uncursed fortune cookies i - 5 uncursed oranges S - an uncursed tin of smoked newt meat Scrolls K - an uncursed scroll of confuse monster x - a cursed scroll of enchant weapon z - an uncursed scroll of identify d - a blessed scroll of magic mapping N - an uncursed scroll of stinking cloud I - an uncursed scroll of teleportation Spellbooks w - an uncursed spellbook of light y - a cursed spellbook of light O - an uncursed spellbook of magic mapping c - a blessed spellbook of protection Potions B - an uncursed potion of blindness A - 2 uncursed potions of extra healing C - an uncursed potion of gain level e - a blessed potion of healing f - 2 uncursed potions of healing G - an uncursed potion of oil Rings R - a cursed -1 ring of gain strength n - an uncursed ring of shock resistance named !c Wands H - a wand of light named -1 (0:10) q - a wand of lightning named -1 (0:4) Tools k - an uncursed skeleton key U - an uncursed tallow candle Gems/Stones P - an uncursed aquamarine stone V - an uncursed jacinth stone r - 2 uncursed worthless pieces of black glass v - 3 uncursed worthless pieces of green glass Q - an uncursed worthless piece of red glass m - an uncursed worthless piece of white glass (in quiver pouch) Buffalo the Monk's attributes: Background: You were a Novice, a level 3 male human Monk. You were lawful, on a mission for Shan Lai Ching who was opposed by Chih Sung-tzu (neutral) and Huan Ti (chaotic). You were in the Gnomish Mines, on level 5. You entered the dungeon 1756 turns ago. You had 63 experience points, 17 more were needed to attain level 4. Your score was 510 before end-of-game adjustments. Basics: You had 0 out of 24 hit points. You had 10 out of 20 energy points (spell power). Your armor class was 2. Your wallet contained 38 zorkmids. Autopickup was on for '$"?!=/' plus thrown. Final Characteristics: Your strength was 17 (limit:18/100). Your dexterity was 14 (limit:18). Your constitution was 12 (limit:18). Your intelligence was 9 (limit:18). Your wisdom was 17 (limit:18). Your charisma was 7 (limit:18). Final Status: You were not hungry. You were unencumbered. You were empty handed. You had basic skill with martial arts. Final Attributes: You were devoutly aligned. You were sleep resistant. You were poison resistant. You saw invisible. You were guarded. You were fast. You are dead. Miscellaneous: You never encountered a bones level. Total elapsed playing time was 12 minutes and 24 seconds. Major events: Turn 1: Buffalo the lawful male human Monk entered the dungeon 1685: entered the Gnomish Mines 1692: attained the rank of Novice (level 3) 1756: killed by a bolt of fire Vanquished creatures: a dwarf a hobbit a yellow mold 6 gnomes a gecko a jackal 2 foxes 2 goblins 9 grid bugs a bat 3 lichens 2 kobold zombies 4 newts 34 creatures vanquished. No species were genocided or became extinct. Voluntary challenges: You were vegetarian. You never hit with a wielded weapon. You read items or engraved 5 times. You never engraved Elbereth. You never genocided any monsters. You never polymorphed an object. You never changed form. You used no wishes. Achievements: You entered the Gnomish Mines. You attained the rank of Novice. The Dungeons of Doom: levels 1 to 4 Level 1: Level 2: Level 3: A fountain, a grave. Level 4: Stairs down to The Gnomish Mines. The Gnomish Mines: Level 5: <- You were here. Final resting place for you, killed by a bolt of fire. Game over: ---------- / \ / REST \ / IN \ / PEACE \ / \ | Buffalo | | 38 Au | | killed by a bolt | | of fire | | | | | | 2022 | *| * * * | * _________)/\\_//(\/(/\)/\//\/|_)_______ Goodbye Buffalo the Monk... You died in The Gnomish Mines on dungeon level 5 with 507 points, and 38 pieces of gold, after 1756 moves. You were level 3 with a maximum of 24 hit points when you died.